 Dungeon Crawl Stone Soup version 0.25.0-9-g26727b657a (webtiles) character file.

Game seed: 15828799398537388959

178 Gobbopathe the Stinger (level 5, -2/31 HPs)
             Began as an Octopode Venom Mage on June 16, 2020.
             Slain by Sigmund
             ... wielding a +0 scythe
              (13 damage)
             ... on level 3 of the Dungeon.
             The game lasted 00:13:40 (2743 turns).

Gobbopathe the Stinger (Octopode Venom Mage)        Turns: 2743, Time: 00:13:41

Health: -2/31      AC:  1    Str:  7    XL:     5   Next: 58%
Magic:  2/9        EV: 14    Int: 19    God:
Gold:   160        SH:  0    Dex: 12    Spells: 1/9 levels left

rFire    . . .     SeeInvis .   f - +0 spear
rCold    . . .     Gourm    .   (no shield)
rNeg     . . .     Faith    .   (helmet restricted)
rPois    .         Spirit   .   a - amulet of regeneration
rElec    .         Reflect  .   (no ring)
rCorr    .         Harm     .   (no ring)
MR       .....                  (no ring)
Stlth    ++++......             (no ring)
HPRegen  0.50/turn              (no ring)
MPRegen  0.11/turn              (no ring)
                                (no ring)
                                (no ring)

@: very slightly contaminated
A: almost no armour, stealthy swim, amphibious, 8 rings, constrict 8, camouflage
1, gelatinous body 1
a: no special abilities


You were on level 3 of the Dungeon.
You were hungry.

You visited 1 branch of the dungeon, and saw 3 of its levels.

You collected 160 gold pieces.

Inventory:

Hand Weapons
 f - a +0 spear (weapon)
 m - a +0 dagger
Missiles
 h - 33 sling bullets
 i - 7 javelins (quivered)
 n - a throwing net
Jewellery
 a - an amulet of regeneration (around mantle)
 r - a cursed amulet of inaccuracy {unknown}
Wands
 q - a wand of flame (16)
Scrolls
 d - 4 scrolls of remove curse {unknown}
 e - 6 scrolls of teleportation {unknown}
 j - 2 scrolls of identify {unknown}
 k - 2 scrolls of fear {unknown}
 l - a scroll of immolation {unknown}
 s - a scroll of noise {unknown}
 u - a scroll of amnesia {unknown}
Potions
 c - a potion of mutation {unknown}
 p - a potion of stabbing {unknown}
 t - a potion of brilliance {unknown}
Comestibles
 b - 4 rations


   Skills:
 + Level 3.0 Dodging
 + Level 4.3 Stealth
 + Level 2.9 Spellcasting
 - Level 1.0 Transmutations
 * Level 5.4 Poison Magic


You had one spell level left.
You knew the following spells:

 Your Spells              Type           Power        Failure   Level  Hunger
a - Sting                 Tmut/Pois      ###.         4%          1    None
b - Mephitic Cloud        Conj/Pois/Air  #.......     22%         3    ###....
c - Olgreb's Toxic Radia  Pois           ###.....     16%         4    ####...

Your spell library contained the following spells:

 Spells                   Type           Power        Failure   Level  Hunger
 Poisonous Vapours        Pois/Air       ##....       8%          2    ##.....
 Ignite Poison            Fire/Tmut/Pois ##......     19%         3    ###....
 Confusing Touch          Hex            #.......     43%         3    ###....
 Gell's Gravitas          Tloc           #.........   43%         3    ###....
 Petrify                  Tmut/Erth      #.......     77%         4    ####...
 Yara's Violent Unravell  Hex/Tmut       #.........   98%         5    ######.
 Metabolic Englaciation   Hex/Ice        #.........   99%         5    ######.


Dungeon Overview and Level Annotations

Branches:
Dungeon (3/15)

Altars:

Annotations:
D:3 Sigmund


Innate Abilities, Weirdness & Mutations

You cannot wear most types of armour.
You are very stealthy in the water. (Stealth+)
You are amphibious.
You can wear up to eight rings at the same time.
You can use your tentacles to constrict eight enemies at once.
Your skin changes colour to match your surroundings (Stealth+).
Your rubbery body absorbs attacks. (AC +1, EV +1)


Message History

You are feeling hungry.
You closely miss something. You squeeze something. Something hits you!
* * * LOW HITPOINT WARNING * * *
The dart slug bites you.
* * * LOW HITPOINT WARNING * * *
Huge Dmg: -39%(-12hp) hp: 26%(8hp)
You hit something.
Something asks, "Where am I?"
Something hits you.
* * * LOW HITPOINT WARNING * * *
The dart slug closely misses you.
Huge Dmg: -6%(-2hp) hp: 20%(6hp)
You barely miss something.
You feel sick.
You barely miss something. You squeeze something. Something hits you.
* * * LOW HITPOINT WARNING * * *
The dart slug closely misses you.
Dmg: -3%(-1hp) hp: 17%(5hp) Unknown command.
You feel better. Something hits you!
You die...

# #..#..♣ #.#..#..#♣♣♣
#.#w.....<.# #$.........#
###.###.#.## #.....# ####
#†##..# # .... #.##w.#.# ####
########.{@....# ...##
#.......####.### ##
##.##.#.#####)# #...# #.
##.........##.# ###.## #.
......#.##.##.# #...# #.
#######.......# #...# #.
#######.##.##.# #...# #.
..#...........# #...###### #.
(...##..#.#...#####........###
##


You could see a dart slug.

Vanquished Creatures
  An orc priest (D:3)
  Ijyb (D:3)
  6 adders
  2 oozes
  2 dart slugs (D:2)
  3 leopard geckos
  2 orcs (D:3)
  3 giant cockroaches
  5 goblins
  9 hobgoblins
  3 jackals (D:2)
  A quokka (D:2)
  6 bats
  A frilled lizard (D:2)
  4 kobolds
  8 rats
57 creatures vanquished.

Notes
Turn   | Place    | Note
-------+----------+-------------------------------------------
     0 | D:1      | Gobbopathe the Octopode Venom Mage began the quest for the
                  | Orb.
     0 | D:1      | Reached XP level 1. HP: 11/11 MP: 3/3
   502 | D:1      | Reached XP level 2. HP: 17/17 MP: 5/5
   630 | D:1      | Reached skill level 4 in Poison Magic
  1325 | D:2      | Found a faded altar of an unknown god.
  1331 | D:2      | Reached XP level 3. HP: 20/21 MP: 1/6
  1336 | D:2      | Learned a level 3 spell: Mephitic Cloud
  1693 | D:2      | Reached XP level 4. HP: 18/27 MP: 1/7
  2056 | D:2      | Learned a level 4 spell: Olgreb's Toxic Radiance
  2178 | D:3      | Noticed Ijyb
  2190 | D:3      | Killed Ijyb
  2190 | D:3      | Reached skill level 5 in Poison Magic
  2190 | D:3      | Reached XP level 5. HP: 17/31 MP: 4/9
  2716 | D:3      | Noticed Sigmund
  2743 | D:3      | Slain by Sigmund

Illustrated notes

Levels and vault maps discovered:
D:1:      dpeg_arrival_houses_and_road, layout_basic, grunt_decor_one_mirror
D:2:      layout_basic, chequers_ecumenical_altar_simple_redux, hex_large
D:3:      layout_loops_cross, good_gods_temple_1, first_ration, minmay_cupped,
          uniq_ijyb, uniq_sigmund

Skill      XL: |  1  2  3  4  5 |
---------------+----------------+-----
Stealth        | 3 4 |  4.3
Poison Magic   | 4 5 |  5.4
Dodging        | 3 |  3.0
Spellcasting   | |  2.9
Transmutations | |  1.0

Action                   |  1- 3 |  4- 6 || total
-------------------------+-------+-------++-------
Melee: Unarmed           |     6 |       ||     6
       Spear             |    39 |    46 ||    85
       Constrict         |    10 |     6 ||    16
       Tentacles         |     2 |    10 ||    12
       Club              |     1 |       ||     1
Throw: Javelin           |     1 |     2 ||     3
 Cast: Sting             |    38 |    27 ||    65
       Mephitic Cloud    |       |     2 ||     2
  Use: Potion            |       |     1 ||     1
 Stab: Sleeping          |     6 |    10 ||    16
  Eat: Chunk             |     3 |     3 ||     6
Armor: Skin              |     3 |     2 ||     5
Dodge: Dodged            |    33 |    24 ||    57
